 Dungeon Crawl Stone Soup version 0.16-a0-3807-g3748f16 (webtiles) character file.

14550 Ololoev the Destroyer (level 12, -2/100 HPs)
             Began as an Octopode Fire Elementalist on Jan 27, 2015.
             Was an Elder of Vehumet.
             Killed from afar by a hell hound (9 damage)
             ... with a blast of flame
             ... led by Azrael
             ... on level 14 of the Dungeon.
             The game lasted 01:05:42 (17389 turns).

Ololoev the Destroyer (Octopode Fire Elementalist) Turns: 17389, Time: 01:05:43

Health: -2/100     AC:  2    Str: 14    XL:     12   Next: 17%
Magic:  29/29      EV: 18    Int: 30    God:    Vehumet [****..]
Gold:   704        SH:  6    Dex: 19    Spells: 5 memorised, 1 level left

rFire  + . .     SeeInvis .     H - +3 flail {venom, rPois+ MR- Int+5} (curse)
rCold  x . .     Clarity  +     B - +0 buckler
rNeg   . . .     SustAb   .     y - +1 hat {MR+}
rPois  +         Gourm    .     (no amulet)
rElec  .         Spirit   .     G - +4 ring of intelligence
rCorr  .         Warding  .     h - ring of stealth
rMut   .         Stasis   .     t - ring of magical power
MR     .....                    n - ring of fire (curse)
Stlth  ..........               (no ring)
                                (no ring)
                                (no ring)
                                (no ring)

@: mighty, agile, berserking, very slightly contaminated, invisible (expiring),
very quick, not resistant to hostile enchantments, extremely unstealthy
A: almost no armour, amphibious, 8 rings, constrict 8, camouflage 2, clarity,
sense surroundings 1, strong 1, gelatinous body 1
a: Renounce Religion


You were on level 14 of the Dungeon.
You worshipped Vehumet.
Vehumet was greatly pleased with you.
You were hungry.

You visited 2 branches of the dungeon, and saw 13 of its levels.

You collected 704 gold pieces.

Notes
Turn   | Place    | Note
--------------------------------------------------------------
     0 | D:1      | Ololoev, the Octopode Fire Elementalist, began the quest for the Orb.
     0 | D:1      | Reached XP level 1. HP: 11/11 MP: 3/3
   253 | D:1      | Reached XP level 2. HP: 10/17 MP: 1/4
   816 | D:1      | Reached XP level 3. HP: 18/21 MP: 3/6
   821 | D:1      | Learned a level 3 spell: Conjure Flame
  1787 | D:2      | Reached XP level 4. HP: 23/27 MP: 3/7
  2114 | D:2      | Found a stormy altar of Qazlal.
  2569 | D:2      | Found a deep blue altar of Sif Muna.
  2677 | D:3      | Reached XP level 5. HP: 31/31 MP: 5/9
  2689 | D:2      | Learned a level 4 spell: Sticky Flame
  2929 | D:3      | Reached skill level 4 in Fire Magic
  3845 | D:4      | Reached XP level 6. HP: 16/36 MP: 2/10
  4056 | D:4      | Got a dazzling chain mail
  4750 | D:4      | Reached skill level 5 in Fire Magic
  4866 | D:4      | Reached skill level 5 in Conjurations
  5114 | D:5      | Entered Level 5 of the Dungeon
  5285 | D:5      | Reached XP level 7. HP: 33/41 MP: 0/12
  5584 | D:5      | Found a glowing golden altar of the Shining One.
  5616 | D:5      | Reached skill level 6 in Fire Magic
  5988 | D:5      | Noticed Natasha
  5999 | D:5      | Killed Natasha
  6133 | D:5      | Found a staircase to the Ecumenical Temple.
  6253 | D:5      | Reached XP level 8. HP: 46/46 MP: 11/14
  6883 | D:6      | Found an iron altar of Okawaru.
  6989 | D:5      | Reached skill level 7 in Conjurations
  7008 | Temple   | Entered the Ecumenical Temple
  7020 | Temple   | Became a worshipper of Vehumet
  7174 | D:5      | Found a burning altar of Makhleb.
  7175 | D:5      | Found a shattered altar of Ashenzari.
  7177 | D:5      | Found a white marble altar of Elyvilon.
  7367 | D:5      | Learned a level 5 spell: Fireball
  7369 | D:5      | Found a bloodstained altar of Trog.
  7370 | D:5      | Found an opulent altar of Gozag.
  8742 | D:7      | Acquired Vehumet's first power
  8742 | D:7      | Offered knowledge of Magic Dart by Vehumet.
  8742 | D:7      | Reached skill level 8 in Conjurations
  8742 | D:7      | Reached XP level 9. HP: 51/51 MP: 5/17
  8928 | D:7      | Got a scorched plate armour
  8953 | D:7      | Got a heavily runed plate armour
 10174 | D:8      | Reached skill level 9 in Conjurations
 10826 | D:9      | Noticed Gastronok
 11181 | D:9      | Offered knowledge of Throw Frost by Vehumet.
 11330 | D:9      | Found a shattered altar of Ashenzari.
 11805 | D:9      | Reached XP level 10. HP: 39/56 MP: 4/18
 11809 | D:9      | Reached skill level 10 in Conjurations
 11809 | D:9      | Reached skill level 10 in Fire Magic
 12297 | D:9      | Noticed Edmund
 12307 | D:9      | Killed Edmund
 13237 | D:9      | Killed Gastronok
 13237 | D:9      | Reached skill level 11 in Conjurations
 13499 | D:9      | Offered knowledge of Mephitic Cloud by Vehumet.
 13587 | D:9      | Reached skill level 1 in Shields
 13729 | D:9      | Found an ancient bone altar of Kikubaaqudgha.
 13749 | D:10     | Entered Level 10 of the Dungeon
 13890 | D:10     | Noticed a cyclops
 13899 | D:10     | Killed a cyclops
 13899 | D:10     | Reached XP level 11. HP: 50/61 MP: 12/20
 13909 | D:10     | Learned a level 3 spell: Mephitic Cloud
 14062 | D:10     | Acquired Vehumet's second power
 14086 | D:10     | Noticed Frenchkiss' ghost (powerful VSMo)
 14123 | D:10     | Killed Frenchkiss' ghost
 14210 | D:10     | Noticed a hill giant
 14510 | D:11     | Got a steaming flail
 14511 | D:11     | Identified the cursed +3 flail "Aguuta" {venom, rPois+ MR- Int+5} (You found it on level 11 of the Dungeon)
 14783 | D:11     | Found a staircase to the Lair.
 14803 | D:11     | Offered knowledge of Static Discharge by Vehumet.
 14812 | D:11     | Noticed an eight-headed hydra
 14978 | D:11     | Reached skill level 12 in Conjurations
 15398 | D:10     | Noticed a hill giant
 15401 | D:10     | Killed a hill giant
 15421 | D:10     | Killed a hill giant
 15759 | D:11     | Acquired Vehumet's third power
 15769 | D:11     | Offered knowledge of Irradiate by Vehumet.
 16015 | D:11     | Noticed a hill giant
 16119 | D:11     | Killed a hill giant
 16172 | D:11     | Found a staircase to the Orcish Mines.
 16308 | D:11     | Reached XP level 12. HP: 55/66 MP: 6/20
 16538 | D:11     | Gained mutation: You have difficulty communicating with the divine. [mutagenic meat]
 16578 | D:11     | Killed an eight-headed hydra
 16578 | D:11     | Reached skill level 5 in Shields
 16578 | D:11     | Reached skill level 13 in Conjurations
 17371 | D:11     | You fall through a shaft for 3 floors!
 17371 | D:14     | Noticed Azrael
 17371 | D:14     | Noticed Rupert
 17380 | D:14     | Gained mutation: Your skin blends seamlessly with your surroundings (Stealth). [potion of mutation]
 17380 | D:14     | Gained mutation: You passively map a small area around you. [potion of mutation]
 17380 | D:14     | Gained mutation: You evolve. [potion of mutation]
 17383 | D:14     | Lost mutation: You evolve. [potion of cure mutation]
 17383 | D:14     | Lost mutation: You have difficulty communicating with the divine. [potion of cure mutation]
 17384 | D:14     | Gained mutation: You possess an exceptional clarity of mind. [potion of mutation]
 17384 | D:14     | Gained mutation: Your muscles are strong. (Str +2) [potion of mutation]
 17389 | D:14     | Killed from afar by a hell hound

Inventory:

Hand weapons
 a - a +2 dagger of freezing
 H - the cursed +3 flail "Aguuta" (weapon) {venom, rPois+ MR- Int+5}
   (You found it on level 11 of the Dungeon)

   It poisons the flesh of those it strikes.
   It affects your intelligence (+5).
   It protects you from poison.
   It affects your resistance to hostile enchantments.
   It has a curse placed upon it.
Armour
 r - the cursed -1 chain mail of Sif Muna's Hope {rCorr Int-4, unknown}
   (You found it on level 4 of the Dungeon)

   It affects your intelligence (-4).
   It protects you from acid and corrosion.
   It has a curse placed upon it.
 w - the -3 plate armour of Titwoydi {+Fly rN++ Str+3 Stlth-, unknown}
   (You found it on level 7 of the Dungeon)

   It affects your strength (+3).
   It greatly protects you from negative energy.
   It lets you fly.
   It makes you less stealthy.
 x - the cursed -2 plate armour of Depression {Dex+6, unknown}
   (You found it on level 7 of the Dungeon)

   It affects your dexterity (+6).
   It has a curse placed upon it.
 y - a +1 hat of magic resistance (worn)
 B - a +0 buckler (worn)
Jewellery
 h - a ring of stealth (right tentacle)
 n - a cursed ring of fire (on tentacle)
 t - a ring of magical power (on tentacle)
 G - a +4 ring of intelligence (left tentacle)
Magical devices
 s - a wand of invisibility (4)
 F - a wand of digging (10)
Scrolls
 g - a scroll of magic mapping
 p - 4 scrolls of amnesia
 q - 2 scrolls of remove curse
Potions
 b - a potion of lignification {unknown}
 e - a potion of beneficial mutation {unknown}
 j - 3 potions of cancellation
 l - 2 potions of magic
 o - a potion of agility
 E - a potion of restore abilities {unknown}
Books
 z - a book of Flames

   Spells                             Type                      Level
   a - Flame Tongue                   Conjuration/Fire             1
   b - Throw Flame                    Conjuration/Fire             2
   c - Conjure Flame                  Conjuration/Fire             3
   d - Inner Flame                    Hexes/Fire                   3
   e - Sticky Flame                   Conjuration/Fire             4
   f - Fireball                       Conjuration/Fire             5
Comestibles
 k - 5 meat rations
 m - 3 bread rations
 v - 6 beef jerkies

Table legend:
 A = Turns spent in this place as a percentage of turns spent in the entire game.
 B = Non-inter-level travel turns spent in this place as a percentage of non-inter-level travel turns spent in the entire game.
 C = Inter-level travel turns spent in this place as a percentage of turns spent in this place.
 D = Turns resting spent in this place as a percentage of non-inter-level travel turns spent in this place.
 E = Turns spent auto-exploring this place as a percentage of non-inter-level travel turns spent in this place.
 F = Non-inter-level travel turns spent in this place divided by the number of levels of this place that you've seen.
                   A       B       C       D       E      F
               +-------+-------+-------+-------+-------+----------------------
         Total | 100.0 | 100.0 |   0.8 |  10.6 |   9.2 | 303.2
       Dungeon |  99.7 |  99.8 |   0.8 |  10.6 |   9.1 | 327.7
        Temple |   0.3 |   0.2 |  10.0 |   0.0 |  44.4 |   9.0
               +-------+-------+-------+-------+-------+----------------------


   Skills:
 + Level 0.6 Fighting
 + Level 2.2 Dodging
 - Level 2.6 Stealth
 - Level 5.0 Shields
 - Level 3.0 Spellcasting
 * Level 13.0 Conjurations
 * Level 12.8 Fire Magic


You had one spell level left.
You knew the following spells:

 Your Spells              Type           Power        Failure   Level  Hunger
a - Flame Tongue          Conj/Fire      #####        1%          1    None
b - Conjure Flame         Conj/Fire      #######.     1%          3    ##.....
c - Sticky Flame          Conj/Fire      #######.     1%          4    ####...
d - Fireball              Conj/Fire      #######...   1%          5    ######.
e - Mephitic Cloud        Conj/Pois/Air  ####....     1%          3    ##.....


Dungeon Overview and Level Annotations

Branches:
Dungeon (14/15)            Temple (1/1) D:5            Lair (0/8) D:11
    Orc (0/4) D:11
 Vaults: D:13-14

Altars:
Ashenzari
Cheibriados
Dithmenos
Elyvilon
Gozag
Kikubaaqudgha
Makhleb
Okawaru
Qazlal
Ru
Sif Muna
Trog
Vehumet
Xom
Yredelemnul
Zin
The Shining One

Annotations:
D:14 Azrael, Rupert


Innate Abilities, Weirdness & Mutations

You cannot wear most types of armour.
You are amphibious.
You can wear up to eight rings at the same time.
You can use your tentacles to constrict many enemies at once.
Your skin blends seamlessly with your surroundings (Stealth).
Your rubbery body absorbs attacks (AC +1).
You possess an exceptional clarity of mind.
You passively map a small area around you.
Your muscles are strong. (Str +2)


Message History

The hell hound closely misses you. You block the hell hound's attack.
The hell hound completely misses you.
Drink which item? (? for menu, Esc to quit)
You feel extremely strange.
Your thoughts seem clearer.
You feel stronger. The hell hound bites you. The hell hound misses you.
The hell hound misses you.
Drink which item? (? for menu, Esc to quit)
You feel better. The hell hound breathes flames at you.
The blast of flame hits you! You resist. The hell hound bites you!
You block the hell hound's attack.
Drink which item? (? for menu, Esc to quit)
It was a potion of berserk rage.
A red film seems to cover your vision as you go berserk!
You feel yourself moving faster!
You feel mighty!
You flicker for a moment.
The hell hound misses you. The hell hound bites you.
You block the hell hound's attack.
You sock the hell hound! Your grab misses the hell hound.
The hell hound is heavily wounded.
The hell hound bites you but does no damage.
The hell hound barely misses you. The hell hound misses you.
You miss the hell hound. You grab the hell hound.
The hell hound is heavily wounded.
You constrict the hell hound. The hell hound closely misses you.
Rupert is engulfed in roaring flames.
The hell hound misses you. The hell hound breathes flames at you.
The blast of flame hits the hell hound.
The hell hound completely resists.
The blast of flame hits you! You resist. The hell hound misses you.
The hell hound breathes flames at you.
The blast of flame hits the fire elemental.
The fire elemental completely resists.
The blast of flame hits the hell hound.
The hell hound completely resists.
The blast of flame misses you.
You hit the hell hound. You squeeze the hell hound!
You kill the hell hound!
Vehumet accepts your kill. The hell hound breathes flames at you.
The blast of flame hits the hell hound.
The hell hound completely resists.
The blast of flame hits you! You resist.
You die...

### #.# #.# ## *
#.# #. #§# .# *
#§# #.# #@## ..##
* #hh##...###. , *
....#h§§.........
*
.......Eh@........
######.§R.#......
, ##.........
#....§....
#...#.....
*..#######


You could see Rupert, Azrael, a fire elemental and 4 hell hounds.

Table legend:
 A = Kills in this place as a percentage of kills in entire the game.
 B = Kills by you in this place as a percentage of kills by you in the entire game.
 C = Kills by friends in this place as a percentage of kills by friends in the entire game.
 D = Other kills in this place as a percentage of other kills in the entire game.
 E = Experience gained in this place as a percentage of experience gained in the entire game.
 F = Experience gained in this place divided by the number of levels of this place that you have seen.
                   A       B       C       D       E      F
               +-------+-------+-------+-------+-------+----------------------
         Total | 100.0 | 100.0 |  -nan |  -nan | 100.0 | 1598.9
       Dungeon | 100.0 | 100.0 |  -nan |  -nan | 100.0 | 1732.2
               +-------+-------+-------+-------+-------+----------------------

Vanquished Creatures
  Gastronok (D:9)
  A hydra (D:11)
  The ghost of Frenchkiss the Grappler, a powerful VSMo of Dithmenos (D:10)
  3 hill giants
  An ugly thing (D:11)
  2 cyclopes
  2 centaur skeletons
  2 blink frogs (D:11)
  A slime creature (D:9)
  A two-headed ogre (D:10)
  A trapdoor spider (D:11)
  9 yaks
  A wraith (D:9)
  A hippogriff (D:8)
  Edmund (D:9)
  A warg (D:11)
  A soldier ant (D:8)
  A hell hound (D:14)
  2 ogres
  A sky beast (D:9)
  6 orc warriors
  3 centaurs
  A necrophage (D:9)
  2 wasps
  A black bear (D:7)
  5 ice beasts
  2 big kobolds
  2 elf zombies (D:9)
  4 giant frogs
  5 scorpions
  2 troll zombies (D:9)
  A water moccasin skeleton (D:8)
  10 killer bees (D:10)
  12 wights
  4 crimson imps
  14 jellies
  A giant frog zombie (D:6)
  A troll skeleton (D:9)
  A quasit (D:11)
  A human zombie (D:9)
  8 orc wizards
  7 orc priests
  10 worker ants
  A giant frog skeleton (D:11)
  2 goliath beetles
  6 hounds
  An iguana (D:7)
  Natasha (D:5)
  3 sheep (D:11)
  2 hound skeletons
  2 mummies (D:9)
  13 adders
  A worker ant zombie (D:8)
  15 gnolls
  A river rat (D:11)
  7 shadow imps
  2 giant mites
  4 worms
  3 giant geckos
  2 oozes (D:1)
  43 orcs
  11 bats
  7 giant cockroaches
  21 hobgoblins
  4 jackals (D:1)
  2 ball pythons
  A giant gecko zombie (D:5)
  5 giant newts
  13 giant spores
  14 goblins
  A jackal zombie (D:5)
  23 kobolds
  2 orc skeletons (D:9)
  5 quokkas
  A quokka skeleton (D:4)
  13 rats
  44 ballistomycetes
413 creatures vanquished.

Vanquished Creatures (others)
  2 orcs (D:11)
  3 giant spores (D:11)
  3 ballistomycetes (D:11)
8 creatures vanquished.

Grand Total: 421 creatures vanquished

Action                   |  1- 3 |  4- 6 |  7- 9 | 10-12 || total
-------------------------+-------+-------+-------+-------++-------
Melee: Unarmed           |    46 |     2 |       |       ||    48
       Dagger            |       |    52 |   106 |    37 ||   195
       Flail             |       |       |       |   129 ||   129
 Fire: Blowgun           |       |       |       |    10 ||    10
 Cast: Flame Tongue      |    44 |    97 |   122 |    88 ||   351
       Conjure Flame     |     1 |     1 |    15 |    36 ||    53
       Sticky Flame      |       |     3 |    25 |    28 ||    56
       Fireball          |       |       |    18 |    71 ||    89
Evoke: Wand              |       |       |       |     1 ||     1
  Use: Scroll            |       |     8 |     8 |     6 ||    22
       Potion            |       |       |       |     9 ||     9
 Stab: Sleeping          |     1 |     6 |     5 |     4 ||    16
       Distracted        |       |       |     1 |       ||     1
  Eat: Chunk             |     4 |     8 |    20 |    27 ||    59
       Bread ration      |       |     1 |     2 |       ||     3
       Beef jerky        |       |       |     1 |       ||     1
       Royal jelly       |       |       |     2 |     8 ||    10
       Fruit             |       |       |       |     3 ||     3
       Pizza             |       |       |       |     2 ||     2

Vault maps used:
D:1:      dpeg_arrival_brainrot, minmay_surrounded
D:2:      grunt_qazlal_sundering, led_sif_pool
D:5:      minmay_overflow_temple_hex, minmay_temple_entry_from_below_a,
          first_bread, uniq_natasha
D:6:      serial_park_tiny_2, okawaru_ov_weapons_minmay
D:8:      nrook_uturn, hangedman_pestilent_swarm
D:9:      minmay_curly_fans, basic_altar, lemuel_mausoleum_altar_kikubaaqudgha,
          uniq_gastronok, uniq_edmund
D:11:     dpeg_lair_monsters, erik_orc_3
D:14:     nrook_mini_backslash, uniq_azrael, uniq_rupert, uniq_kirke, uniq_sonja
Temple:   triangle_lava_temple_12
